 Dungeon Crawl Stone Soup version 0.24.0-1-gfbc8707122 (webtiles) character file.

Game seed: 6479535095417572339, levelgen mode: deterministic

195 Monsterracer the Chopper (level 5, 0/49 HPs)
             Began as a Deep Dwarf Fighter on Oct 29, 2019.
             Slain by a sky beast (3 damage)
             ... on level 3 of the Dungeon.
             The game lasted 00:00:51 (1834 turns).

Monsterracer the Chopper (Deep Dwarf Fighter)       Turns: 1834, Time: 00:00:51

Health: 0/49       AC:  8    Str: 21    XL:     5   Next: 45%
Magic:  5/5        EV:  7    Int:  8    God:
Gold:   146        SH:  9    Dex: 12    Spells: 4/4 levels left

rFire    . . .     SeeInvis .   a - +0 war axe
rCold    . . .     Gourm    .   f - +0 shield
rNeg     . . .     Faith    .   b - +0 scale mail
rPois    .         Spirit   .   (no helmet)
rElec    .         Reflect  .   r - +0 cloak
rCorr    .         Harm     .   (no gloves)
MR       .....                  (no boots)
Stlth    ..........             v - amulet of the acrobat
HPRegen  0.00/turn              (no ring)
MPRegen  0.09/turn              (no ring)

@: non-regenerating
A: damage resistance, heal wounds, sense surroundings 1, no regeneration
a: Heal Wounds


You were on level 3 of the Dungeon.
You were not hungry.

You visited 1 branch of the dungeon, and saw 3 of its levels.

You collected 146 gold pieces.

Inventory:

Hand Weapons
 a - a +0 war axe (weapon)
Missiles
 i - a throwing net (quivered) {!f}
Armour
 b - a +0 scale mail (worn)
 f - a +0 shield (worn)
 r - a +0 cloak (worn)
   (You took it off Crazy Yiuf on level 2 of the Dungeon)
Jewellery
 v - an amulet of the acrobat (around neck)
   (You found it on level 3 of the Dungeon)
Scrolls
 d - 2 scrolls of amnesia {unknown}
 g - a scroll of magic mapping {unknown}
 k - a scroll of teleportation {unknown}
 n - 3 scrolls of identify {unknown}
 s - a scroll of enchant armour {unknown}
Potions
 e - 2 potions of lignification {unknown}
 h - 3 potions of agility {unknown}
 j - 3 potions of might
 l - 3 potions of haste {unknown}
 m - a potion of flight {unknown}
 o - a potion of heal wounds {unknown}
 p - a potion of invisibility {unknown}
 q - a potion of magic {unknown}
 u - a potion of degeneration {unknown}
 w - a potion of ambrosia {unknown}
Comestibles
 c - 6 rations


   Skills:
 + Level 3.4 Fighting
 * Level 4.3 Axes
 + Level 4.2 Armour
 + Level 4.2 Shields


You had 4 spell levels left.
You didn't know any spells.
Your spell library was empty.

Dungeon Overview and Level Annotations

Branches:
Dungeon (3/15)

Altars:
Zin


Innate Abilities, Weirdness & Mutations

You are resistant to damage.
You can heal yourself by infusing magical energy.
You passively map a small area around you.
You do not regenerate.


Message History

You are too injured to fight recklessly!
You are too injured to fight recklessly!
A worm is nearby!
You are too injured to fight recklessly!
You are too injured to fight recklessly!
You are too injured to fight recklessly!
You are too injured to fight recklessly!
You are too injured to fight recklessly!
You slash the worm!
The worm is almost dead.
You block the worm's attack.
You slash the worm!
You kill the worm!
You see here a worm corpse.
You fail to use your ability.
Found a cloak.
You are too injured to fight recklessly!
You are too injured to fight recklessly!
You are too injured to fight recklessly!
You are too injured to fight recklessly!
You are too injured to fight recklessly!
Found 21 arrows.
You are too injured to fight recklessly!
You are too injured to fight recklessly!
You are too injured to fight recklessly!
You are too injured to fight recklessly!
You are too injured to fight recklessly!
You see here 21 arrows.
A sky beast comes into view.
You are too injured to fight recklessly!
You are too injured to fight recklessly!
You are too injured to fight recklessly!
You are too injured to fight recklessly!
You are too injured to fight recklessly!
You are too injured to fight recklessly!
You are too injured to fight recklessly!
You are too injured to fight recklessly!
You are too injured to fight recklessly!
You are too injured to fight recklessly!
You fail to use your ability.
A sky beast is nearby!
You feel much better.
You closely miss the sky beast. You block the sky beast's attack.
Your shield and scale mail prevent you from hitting the sky beast.
The sky beast flickers out of sight!
Deactivating autopickup; reactivate with Ctrl-A.
Something hits you but does no damage. Something hits you.
Something shocks you.
You barely miss something. Something hits you but does no damage.
Unknown command.
Your shield prevents you from hitting something.
Something hits you. Something shocks you. Something hits you.
Something shocks you.
You hit something. Something hits you. Something shocks you.
You closely miss something. Something hits you but does no damage.
You closely miss something. Something completely misses you.
Something hits you but does no damage.
You closely miss something. Something hits you but does no damage.
You miss something. Something hits you but does no damage.
You miss something. Something hits you but does no damage. Something hits you.
Something shocks you.
You closely miss something. Something hits you but does no damage.
You closely miss something. Something hits you but does no damage.
You miss something. Something hits you but does no damage. Something hits you.
Something shocks you.
You miss something.
A sky beast appears from thin air!
Reactivating autopickup.
The sky beast closely misses you.
You barely miss the sky beast.
The sky beast hits you but does no damage.
You hit the sky beast.
The sky beast is lightly wounded.
The sky beast hits you but does no damage.
You block the sky beast's attack.
Your shield and scale mail prevent you from hitting the sky beast.
The sky beast is lightly wounded.
You block the sky beast's attack.
You completely miss the sky beast.
The sky beast is lightly wounded.
The sky beast hits you. The sky beast shocks you.
* * * LOW HITPOINT WARNING * * *
You block the sky beast's attack.
You fail to use your ability.
You block the sky beast's attack.
You closely miss the sky beast.
The sky beast is lightly wounded.
The sky beast flickers out of sight!
Deactivating autopickup; reactivate with Ctrl-A.
Something hits you. Something shocks you.
* * * LOW HITPOINT WARNING * * *
You closely miss something. Something hits you but does no damage.
Unknown command.
You slash something! Something hits you. Something shocks you.
* * * LOW HITPOINT WARNING * * *
You miss something. Something hits you.
* * * LOW HITPOINT WARNING * * *
Something shocks you.
* * * LOW HITPOINT WARNING * * *
Something hits you but does no damage.
You completely miss something. Something hits you. Something shocks you.
You die...

###.........†......###
................>.# * *
#....#####.......# *
#....# #.(.....#
##....#####.......#
#≈###.............#
#≈###.......###########
#≈≈.........# #.{.....+
..#≈≈........# #@# * *
#.#≈.#.......# #.#
#.#≈.######### #.# ,
#.#≈≈# #.# * #.#≈≈##
#.# * #.#.≈≈## #.#
#.#.≈≈≈# #(# *
#.#(#≈##########.#
...............#.#


There were no monsters in sight!

Vanquished Creatures
  Crazy Yiuf (D:2)
  Jessica (D:2)
  4 gnolls (D:3)
  2 adders (D:3)
  An ooze (D:2)
  An adder skeleton (D:2)
  An adder zombie (D:2)
  4 worms (D:2 D:3)
  2 dart slugs (D:1)
  A ball python (D:1)
  9 bats (D:1 D:2)
  A bat skeleton (D:2)
  3 giant cockroaches (D:1 D:2)
  3 goblins (D:1 D:2 D:3)
  7 hobgoblins (D:1 D:2)
  7 jackals (D:2)
  A quokka (D:2)
  2 frilled lizards (D:1)
  A jackal skeleton (D:2)
  7 kobolds (D:1 D:2 D:3)
  A quokka skeleton (D:2)
  4 rats (D:1 D:2 D:3)
64 creatures vanquished.

Notes
Turn   | Place    | Note
-------+----------+-------------------------------------------
     0 | D:1      | Monsterracer the Deep Dwarf Fighter began the quest for the
                  | Orb.
     0 | D:1      | Reached XP level 1. HP: 20/20 MP: 1/1
   105 | D:1      | Reached XP level 2. HP: 24/27 MP: 2/2
   690 | D:1      | Reached XP level 3. HP: 28/34 MP: 3/3
   887 | D:2      | HP: 14/34 [worm (4)]
   996 | D:2      | Noticed Jessica
  1009 | D:2      | HP: 16/34 [Jessica/nerve-wracking pain (11)]
  1015 | D:2      | Killed Jessica
  1015 | D:2      | Reached XP level 4. HP: 12/42 MP: 4/4
  1025 | D:2      | Found a glowing silver altar of Zin.
  1156 | D:2      | Found a runed translucent door.
  1157 | D:2      | Noticed Crazy Yiuf
  1420 | D:2      | Killed Crazy Yiuf
  1568 | D:3      | Reached XP level 5. HP: 32/49 MP: 5/5
  1790 | D:3      | HP: 21/49 [worm (7)]
  1807 | D:3      | Noticed a sky beast
  1820 | D:3      | HP: 21/49 [something (4)]
  1828 | D:3      | HP: 14/49 [sky beast (4)]
  1833 | D:3      | HP: 6/49 [something (1)]
  1834 | D:3      | Slain by a sky beast

Levels and vault maps discovered:
D:1:      lightli_arrival_farm, layout_basic, minmay_pentomino_u4
D:2:      layout_rooms, zin_statuary, serial_undead, serial_undead_d,
          serial_undead_f, serial_undead_c, serial_undead_b, first_ration,
          uniq_crazy_yiuf_cottage, uniq_jessica
D:3:      layout_basic, chequers_serial_rivers_small_a, minmay_misc_feat_encased

Skill      XL: |  1  2  3  4 |
---------------+-------------+-----
Fighting       | 3 |  3.4
Axes           | 3 4 |  4.3
Armour         | 4 |  4.2
Shields        | 4 |  4.2

Action                   |  1- 3 |  4- 6 || total
-------------------------+-------+-------++-------
Melee: War axe           |   127 |   131 ||   258
 Abil: Heal Wounds       |     1 |     2 ||     3
  Eat: Chunk             |     1 |     3 ||     4
Armor: Scale mail        |    67 |    69 ||   136
Dodge: Dodged            |    51 |    45 ||    96
Block: Shield            |    84 |    65 ||   149
